 Dungeon Crawl Stone Soup version 0.30.1-11-g7821555f0a (webtiles) character file.

Game seed: 1828271006823665530

63 KittyFluff the Cudgeller (level 4, 0/42 HPs)
             Began as a Gargoyle Berserker on Nov 11, 2023.
             Was a Believer of Trog.
             Slain by an orc wizard
             ... wielding a +0 dagger
              (3 damage)
             ... on level 2 of the Dungeon.
             The game lasted 00:08:05 (1985 turns).

KittyFluff the Cudgeller (Gargoyle Berserker)       Turns: 1985, Time: 00:08:06

Health: 0/42       AC:  8    Str: 22    XL:     4   Next: 10%
Magic:  4/4        EV: 11    Int:  8    God:    Trog [**....]
Gold:   84         SH:  0    Dex:  9    Spells: 3/3 levels left

rFire   . . .        a - +0 mace
rCold   . . .        (no shield)
rNeg    + . .        u - +0 leather armour
rPois   ∞            (no helmet)
rElec   +            (no cloak)
rCorr   .            h - +0 pair of gloves
SInv    .            (no boots)
Will    .....        (no amulet) Stlth
                     (no ring)
HPRegen 0.27/turn    (no ring)
MPRegen 0.09/turn

%: no passive effects
@: confused, berserking, very quick
A: sickness immunity, AC +3, negative energy resistance 1, electricity
resistance, torment resistance 1, petrification resistance
a: Renounce Religion, Berserk, Trog's Hand


You were on level 2 of the Dungeon.
You worshipped Trog.
Trog was pleased with you.
You visited 1 branch of the dungeon, and saw 3 of its levels.

You collected 84 gold pieces.

Inventory:

Hand Weapons
 a - a +0 mace (weapon)
 d - a +2 sling of freezing
Missiles
 g - 5 boomerangs (quivered)
 k - 2 throwing nets
Armour
 h - a +0 pair of gloves (worn)
 u - a +0 leather armour (worn)
Wands
 r - a wand of charming (8)
 t - a wand of flame (28)
Scrolls
 c - a scroll of torment {unknown}
 f - 4 scrolls of teleportation
 n - 2 scrolls of poison {unknown}
 o - a scroll of vulnerability {unknown}
 s - a scroll of noise {unknown}
Potions
 e - 2 potions of lignification {unknown}
 i - 2 potions of curing {unknown}
 j - 3 potions of attraction {unknown}
 l - a potion of brilliance {unknown}
 m - a potion of cancellation {unknown}
 p - a potion of heal wounds {unknown}
 q - 2 potions of might {unknown}


   Skills:
 + Level 3.6 Fighting
 * Level 3.6 Maces & Flails
 * Level 3.1 Armour
 + Level 1.9 Dodging
 + Level 1.3 Stealth


You had 3 spell levels left.
You didn't know any spells.
Your spell library was empty.

Dungeon Overview and Level Annotations

Branches:
Dungeon (3/15)

Altars:
Elyvilon
Yredelemnul


Innate Abilities, Weirdness & Mutations

You are immune to sickness and miasma.
Your stone body is resilient. (AC +3)
You are immune to poison.
You resist negative energy. (rN+)
You are resistant to electric shocks. (rElec)
You are resistant to unholy torment.
You are immune to petrification.


Message History

Something hits you but does no damage.
You bump into the rock wall.
The orc hits you but does no damage. Something hits you.
You barely miss the orc. The orc hits you with a +0 short sword.
Something hits you but does no damage.
You hit the orc.
The orc is lightly wounded.
You feel less confused. The orc hits you with a +0 short sword.
Something hits you but does no damage.
You barely miss the orc.
The orc is lightly wounded.
The orc hits you but does no damage. Something hits you but does no damage.
You completely miss the orc.
The orc is lightly wounded.
The orc misses you. Something completely misses you.
You hit the orc.
You kill the orc!
Trog accepts your kill. Something hits you. x2
Something hits you.
* * * LOW HITPOINT WARNING * * *
Items here: )) [[ ††.
Something hits you but does no damage.
You closely miss something. Something hits you but does no damage.
You miss something. Something hits you but does no damage.
You completely miss something. Something hits you but does no damage.
You miss something. Something hits you.
* * * LOW HITPOINT WARNING * * *
You hit something but do no damage. Something hits you but does no damage.
Something hits you.
* * * LOW HITPOINT WARNING * * *
You hit something. Something hits you but does no damage.
You barely miss something. Something hits you.
* * * LOW HITPOINT WARNING * * *
A red film seems to cover your vision as you go berserk!
You feel yourself moving faster!
You feel mighty!
You hear some strange, mumbled words.
You are confused.
You completely miss something. Something hits you.
You die...

# ##.###.#### #
##.........# #
##.....#.##.# ##
#........##.## .#
#............#
.########........##..#
........##.....#.##..#
#######........)>....###
# ########{@......#
#...#..#.# #####..#.#
#..#.# #..#.# #....#
#....# #...)## #.....#


There were no monsters in sight!

Vanquished Creatures
  An adder (D:3)
  A worm (D:2)
  3 orcs
  6 ball pythons
  4 endoplasms
  A goblin (D:2)
  6 hobgoblins
  4 jackals (D:2)
  4 bats
  A frilled lizard (D:1)
  8 kobolds
  5 rats
  A spectral orc (D:3)
45 creatures vanquished.

Notes
Turn   | Place    | Note
-------+----------+-------------------------------------------
     0 | D:1      | KittyFluff the Gargoyle Berserker began the quest for the
                  | Orb.
     0 | D:1      | Reached XP level 1. HP: 14/14 MP: 1/1
   250 | D:1      | Reached XP level 2. HP: 8/19 MP: 2/2
   541 | D:1      | Found a faded altar of an unknown god.
  1103 | D:2      | Reached skill level 1 in Stealth
  1103 | D:2      | Reached XP level 3. HP: 23/23 MP: 3/3
  1352 | D:2      | Reached ** piety under Trog
  1517 | D:3      | Found a white marble altar of Elyvilon.
  1700 | D:3      | Reached XP level 4. HP: 24/28 MP: 4/4
  1872 | D:3      | Found a basalt altar of Yredelemnul.
  1985 | D:2      | Slain by an orc wizard

Illustrated notes

Levels and vault maps discovered:
D:1:      eino_arrival_cavern_b, layout_basic,
          dreamdust_ecumenical_altar_hidden_monk_grotto
D:2:      layout_loops_ring
D:3:      layout_basic, elyvilon_altar_5, yredelemnul_forgotten_temple_becter,
          serial_bayou_crossing

Skill      XL: |  1  2  3 |
---------------+----------+-----
Stealth        | 1 |  1.3
Armour         | 3 |  3.1
Fighting       | |  3.6
Maces & Flails | |  3.6
Dodging        | |  1.9

Action                     |  1- 3 |  4- 6 || total
---------------------------+-------+-------++-------
  Melee: Mace              |   141 |    25 ||   166
         Punch             |     2 |       ||     2
   Fire: Sling             |     3 |       ||     3
 Invoke: Berserk           |       |     1 ||     1
    Use: Scroll            |     1 |       ||     1
   Stab: Sleeping          |     1 |       ||     1
 Armour: Animal skin       |    50 |     3 ||    53
         Leather armour    |       |    15 ||    15
  Dodge: Dodged            |    86 |    20 ||   106
